 Dungeon Crawl Stone Soup version 0.29-a0-251-g80730f7218 (webtiles) character file.

Game seed: 3985797935383514721

35 dolemite99 the Protected (level 3, -4/28 HPs)
             Began as a Gnoll Wanderer on Mar 5, 2022.
             Was a Follower of Wu Jian.
             Killed by nerve-wracking pain
             ... invoked by Jessica
              (12 damage)
             ... on level 2 of the Dungeon.
             The game lasted 00:02:00 (1355 turns).

dolemite99 the Protected (Gnoll Wanderer)           Turns: 1355, Time: 00:02:01

Health: -4/28      AC: 10    Str: 14    XL:     3   Next: 33%
Magic:  4/4        EV:  9    Int: 10    God:    Wu Jian [*.....]
Gold:   160        SH:  0    Dex: 11    Spells: 3/3 levels left

rFire   . . .      SeeInvis .   a - +0 falchion
rCold   . . .      Faith    .   (no shield)
rNeg    . . .      Spirit   .   j - +2 scale mail
rPois   .          Reflect  .   (no helmet)
rElec   .          Harm     .   (no cloak)
rCorr   .          Rampage  .   (no gloves)
Will    .....                   (no boots)
Stlth   +.........              (no amulet)
HPRegen 0.09/turn               (no ring)
MPRegen 0.09/turn               (no ring)

@: slowed, very slow
A: fangs 1, strong nose, distributed training
a: Renounce Religion


You were on level 2 of the Dungeon.
You worshipped Wu Jian.
Wu Jian was aware of your devotion.
You visited 1 branch of the dungeon, and saw 2 of its levels.

You collected 160 gold pieces.

Inventory:

Hand Weapons
 a - a +0 falchion (weapon)
 b - a +0 hunting sling
Missiles
 d - 113 stones (quivered)
Armour
 f - a +0 scale mail
 j - a +2 scale mail (worn)
Scrolls
 c - a scroll of fog
 h - a scroll of enchant armour {unknown}
 k - 3 scrolls of identify {unknown}
 l - 2 scrolls of teleportation {unknown}
 m - a scroll of silence {unknown}
 n - a scroll of torment {unknown}
 o - a scroll of immolation {unknown}
Potions
 e - a potion of invisibility {unknown}
 g - 2 potions of degeneration {unknown}
 i - a potion of curing {unknown}


   Skills:
 + Level 2.6 Fighting
 + Level 0.7 Short Blades
 + Level 6.5 Long Blades
 + Level 0.7 Axes
 + Level 0.7 Maces & Flails
 + Level 0.7 Polearms
 + Level 0.7 Staves
 + Level 0.7 Slings
 + Level 0.7 Bows
 + Level 0.7 Crossbows
 + Level 0.7 Throwing
 + Level 8.5 Armour
 + Level 0.7 Dodging
 + Level 2.3 Stealth
 + Level 0.7 Shields
 + Level 0.7 Unarmed Combat
 + Level 0.7 Spellcasting
 + Level 0.5 Conjurations
 + Level 0.5 Hexes
 + Level 0.5 Summonings
 + Level 0.5 Necromancy
 + Level 0.5 Translocations
 + Level 0.5 Transmutations
 + Level 0.5 Fire Magic
 + Level 0.5 Ice Magic
 + Level 0.5 Air Magic
 + Level 0.5 Earth Magic
 + Level 0.5 Poison Magic
 + Level 0.9 Invocations
 + Level 2.6 Evocations


You had 3 spell levels left.
You didn't know any spells.
Your spell library contained the following spells:

 Spells                   Type           Power      Damage    Failure   Level
 Sublimation of Blood     Necr           1%         N/A       83%         2
 Wereblood                Tmut           1%         N/A       83%         2
 Summon Hydra             Summ           0%         N/A       100%        7


Dungeon Overview and Level Annotations

Branches:
Dungeon (2/15)

Altars:
Wu Jian

Annotations:
D:2 Jessica


Innate Abilities, Weirdness & Mutations

You have very sharp teeth.
Your uncanny sense of smell can sniff out nearby items.
Your experience applies equally to all skills.


Message History

Found a stone staircase leading up.
Found a scroll labelled ROCHOQ ONLO.
Found 10 gold pieces.
Found a ring mail.
There is a stone staircase leading up here.
n - a scroll labelled ROCHOQ ONLO You now have 143 gold pieces (gained 10).
You now have 156 gold pieces (gained 13).
You open the gate.
There is an open gate here.
You now have 160 gold pieces (gained 4).
o - a scroll labelled RAUTIHA QENAR
Found a ring mail.
No target in view!
No target in view!
Jessica the Apprentice Sorceress comes into view.
She is wielding a +0 dagger.
Found 24 stones.
Jessica looks very angry.
Jessica gestures at you while chanting.
You feel yourself slow down.
You shoot a sling bullet.
The sling bullet hits Jessica but does no damage.
Jessica points at you and mumbles some strange words.
Pain shoots through your body!
Ouch! That really hurt!
You are too injured to fight recklessly!
You are too injured to fight recklessly!
You are too injured to fight recklessly!
a - a +0 falchion (weapon)
You start resting.
Jessica is nearby!
Jessica casts a spell.
Jessica seems to speed up.
Jessica casts a spell at you. Pain shoots through your body!
* * * LOW HITPOINT WARNING * * *
You barely miss Jessica. Jessica gestures at you while chanting.
Pain shoots through your body!
You die...

#.# #...##..#.###.... #.#
#(..#......[..... #.#
#...#............ #.#
#...#............ #.#
#.@.#........#... #.#
..[#........##..
#.#########♣.♣#########....
#.'.......♣♣.♣ #####
#.'.......@@♣.......
#.'.......♣♣.♣♣.....
########### .♣ #### .. ..#
..# ..# ..#


You could see Jessica (fast).

Vanquished Creatures
  An adder (D:2)
  A dart slug (D:1)
  2 ball pythons
  2 endoplasms (D:1)
  3 giant cockroaches
  2 goblins (D:1)
  2 hobgoblins
  A kobold (D:1)
  2 quokkas
  2 bats (D:1)
  3 rats (D:1)
21 creatures vanquished.

Notes
Turn   | Place    | Note
-------+----------+-------------------------------------------
     0 | D:1      | dolemite99 the Gnoll Wanderer began the quest for the Orb.
     0 | D:1      | dolemite99 set off with the following items: a +0 falchion,
                  | a +2 scale mail, a scroll of fog
     0 | D:1      | Reached XP level 1. HP: 17/17 MP: 1/1
   276 | D:1      | Reached XP level 2. HP: 23/23 MP: 2/2
   554 | D:1      | Found a faded altar of an unknown god.
   566 | D:1      | Prayed at the altar of an unknown god.
   566 | D:1      | Became a worshipper of the Wu Jian Council
   566 | D:1      | Reached * piety under Wu Jian
  1152 | D:2      | Reached XP level 3. HP: 23/28 MP: 3/3
  1347 | D:2      | Noticed Jessica
  1355 | D:2      | Killed from afar by Jessica

Illustrated notes

Levels and vault maps discovered:
D:1:      scummos_arrival_gate, layout_basic, basic_ecumenical_altar,
          grunt_decor_arrowhead
D:2:      layout_rooms, hex_large, kennysheep_cross_room,
          kennysheep_cross_bottleneck, uniq_jessica

Action                   || total
-------------------------++-------
Melee: Falchion          ||    58
       Bite              ||     3
 Fire: Hunting sling     ||    30
Throw: Stone             ||    14
Invok: Lunge             ||     1
Armor: Scale mail        ||    31
Dodge: Dodged            ||    33

Table legend: (Time is in decaauts)
 A = Elapsed time spent in this place.
 B = Non-inter-level travel time spent in this place.
 C = Inter-level travel time spent in this place.
 D = Time resting spent in this place.
 E = Time spent auto-exploring this place.
 F = Levels seen in this place.
 G = Mean time per level.
                   A        B        C        D        E       F      G
               +--------+--------+--------+--------+--------+-----+--------+
         Total |   1368 |   1342 |     26 |    292 |    756 |   2 |  684.0 |
       Dungeon |   1368 |   1342 |     26 |    292 |    756 |   2 |  684.0 |
               +--------+--------+--------+--------+--------+-----+--------+

Top non-repeatable levels by time:
     D:1: 952 daAuts
     D:2: 416 daAuts
